 Dungeon Crawl Stone Soup version 0.30-a0-43-gbbf338a72c (webtiles) character file.

Game seed: 1020914043941545101

612 vineage the Trooper (level 7, -7/47 HPs)
             Began as a Gargoyle Fighter on Aug 31, 2022.
             Mangled by Duvessa
             ... wielding a +0 rapier
              (11 damage)
             ... on level 5 of the Dungeon.
             The game lasted 00:03:45 (3639 turns).

vineage the Trooper (Gargoyle Fighter)              Turns: 3639, Time: 00:03:45

Health: -7/47      AC: 17    Str: 22    XL:     7   Next: 44%
Magic:  7/7        EV: 11    Int:  8    God:
Gold:   204        SH:  5    Dex:  9    Spells: 6/6 levels left

rFire   . . .      SeeInvis .    a - +0 flail
rCold   . . .      Faith    .    c - +1 buckler
rNeg    + . .      Spirit   .    o - +0 chain mail
rPois   ∞          Reflect  .    (no helmet)
rElec   +          Harm     .    h - +2 cloak
rCorr   .          Rampage  .    (no gloves)
Will    .....                    (no boots)
Stlth   ..........               (no amulet)
HPRegen 0.15/turn                m - +4 ring of evasion
MPRegen 0.10/turn                (no ring)

@: mighty
A: sickness immunity, AC +4, negative energy resistance 1, electricity
resistance, torment resistance 1, petrification resistance
a: no special abilities


You were on level 5 of the Dungeon.
You visited 1 branch of the dungeon, and saw 5 of its levels.

You collected 204 gold pieces.

Inventory:

Hand Weapons
 a - a +0 flail (weapon)
Armour
 c - a +1 buckler (worn)
 h - a +2 cloak (worn)
 o - a +0 chain mail (worn)
Jewellery
 m - a +4 ring of evasion (left hand)
Scrolls
 g - 3 scrolls of teleportation
Potions
 e - a potion of heal wounds {unknown}
 f - 2 potions of attraction
 i - a potion of haste {unknown}
 j - 2 potions of flight
 k - 2 potions of degeneration {unknown}
 l - a potion of magic {unknown}
 n - a potion of lignification {unknown}
 p - a potion of curing {unknown}


   Skills:
 * Level 6.3 Fighting
 + Level 3.8 Maces & Flails
 + Level 5.0 Armour
 + Level 5.0 Shields


You had 6 spell levels left.
You didn't know any spells.
Your spell library contained the following spells:

 Spells                   Type           Power      Damage    Failure   Level
 Foxfire                  Conj/Fire      0%         2x1d4     99%         1
 Freeze                   Ice            0%         1d3       99%         1
 Conjure Flame            Conj/Fire      0%         6-21      100%        3
 Frozen Ramparts          Ice            0%         1d1       100%        3
 Ignite Poison            Fire/Tmut/Pois 0%         N/A       100%        3
 Inner Flame              Hex/Fire       0%         N/A       100%        3
 Mephitic Cloud           Conj/Pois/Air  0%         N/A       100%        3
 Cause Fear               Hex            0%         N/A       100%        4
 Flame Wave               Conj/Fire      0%         2d4       100%        4
 Hailstorm                Conj/Ice       0%         3d3       100%        4
 Freezing Cloud           Conj/Ice/Air   0%         6-21      100%        5
 Discord                  Hex            0%         N/A       100%        8


Dungeon Overview and Level Annotations

Branches:
Dungeon (5/15)
 Temple: D:4-7

Altars:

Annotations:
D:5 Duvessa


Innate Abilities, Weirdness & Mutations

You are immune to sickness and miasma.
Your stone body is resilient. (AC +4)
You are immune to poison.
You resist negative energy. (rN+)
You are resistant to electric shocks. (rElec)
You are resistant to unholy torment.
You are immune to petrification.


Message History

Duvessa is moderately wounded.
You block Duvessa's attack.
You sock Duvessa!
Duvessa is moderately wounded.
Duvessa hits you with a +0 rapier! Duvessa hits you with a +0 rapier.
You are too injured to fight recklessly!
You are too injured to fight recklessly!
You are too injured to fight recklessly!
You are too injured to fight recklessly!
You are too injured to fight recklessly!
You are too injured to fight recklessly!
You are too injured to fight recklessly!
You are too injured to fight recklessly!
You are too injured to fight recklessly!
You are too injured to fight recklessly!
You are too injured to fight recklessly!
You are too injured to fight recklessly!
You are too injured to fight recklessly!
You are too injured to fight recklessly!
You are too injured to fight recklessly!
You are too injured to fight recklessly!
You hit Duvessa.
Duvessa is heavily wounded.
You block Duvessa's attack. Duvessa hits you with a +0 rapier!
* * * LOW HITPOINT WARNING * * *
You closely miss Duvessa.
Duvessa is heavily wounded.
You block Duvessa's attack. Duvessa hits you with a +0 rapier.
* * * LOW HITPOINT WARNING * * *
You hit Duvessa.
Duvessa is heavily wounded.
You block Duvessa's attack. Duvessa hits you with a +0 rapier!
* * * LOW HITPOINT WARNING * * *
You sock Duvessa!
Duvessa is severely wounded.
You block Duvessa's attack. Duvessa closely misses you.
You closely miss Duvessa.
Duvessa is severely wounded.
Duvessa hits you but does no damage. Duvessa hits you with a +0 rapier!
You die...

#.#.# ###########.#
#...# ..#.### #.# #....
......# ### #.# ###.#.#
$.. #.# #.#.#
#.#######.###.# #.#.#
.......)......# #.#.#
.#(......#.....# #.#.#
#.......#.###.# ###.#.#
#..@....# # ..#.#.#
#.e.......#
#.#.#.####.###.......###
#.#...........[......#
#....................#
######################


You could see Duvessa (berserk, fast).

Vanquished Creatures
  Sigmund (D:3)
  A black bear (D:5)
  An ogre (D:5)
  A phantom (D:3)
  Dowan (D:5)
  An orc wizard (D:5)
  5 adders
  A white imp (D:5)
  A worm (D:2)
  6 dart slugs
  6 orcs (D:5)
  9 endoplasms
  3 giant cockroaches
  5 hobgoblins
  A jackal (D:2)
  5 quokkas
  6 ball pythons
  4 bats
  4 goblins
  6 kobolds
  2 rats (D:1)
70 creatures vanquished.

Notes
Turn   | Place    | Note
-------+----------+-------------------------------------------
     0 | D:1      | vineage the Gargoyle Fighter began the quest for the Orb.
     0 | D:1      | Reached XP level 1. HP: 14/14 MP: 1/1
    43 | D:1      | Reached XP level 2. HP: 18/19 MP: 2/2
   208 | D:1      | Reached XP level 3. HP: 23/24 MP: 3/3
   238 | D:1      | Found a faded altar of an unknown god.
   479 | D:1      | Reached skill level 4 in Fighting
  1080 | D:2      | Reached XP level 4. HP: 24/29 MP: 4/4
  1482 | D:3      | Noticed a phantom
  1495 | D:3      | Killed a phantom
  1496 | D:3      | Reached XP level 5. HP: 25/34 MP: 5/5
  1913 | D:3      | Noticed Sigmund
  1921 | D:3      | Killed Sigmund
  1922 | D:3      | Reached skill level 5 in Fighting
  1922 | D:3      | Reached XP level 6. HP: 40/40 MP: 6/6
  2747 | D:5      | Entered Level 5 of the Dungeon
  2958 | D:5      | Noticed a black bear
  2963 | D:5      | Killed a black bear
  2964 | D:5      | Reached XP level 7. HP: 45/45 MP: 7/7
  3095 | D:5      | Reached skill level 6 in Fighting
  3255 | D:5      | Reached skill level 5 in Armour
  3606 | D:5      | Noticed Dowan
  3606 | D:5      | Noticed Duvessa
  3619 | D:5      | Killed Dowan
  3620 | D:5      | Reached skill level 5 in Shields
  3639 | D:5      | Mangled by Duvessa

Illustrated notes

Levels and vault maps discovered:
D:1:      saegor_arrival_simple_c, layout_rooms, ebering_ecumenical_altar_webs
D:2:      layout_basic, kennysheep_generic_room_10
D:3:      layout_loops_corners, uniq_sigmund
D:4:      layout_basic, minmay_misc_feat_five
D:5:      layout_loops_ring, uniq_duvessa

Skill      XL: |  1  2  3  4  5  6  7 |
---------------+----------------------+-----
Fighting       | 4 5 6 |  6.3
Armour         | 4 5 |  5.0
Shields        | 4 5 |  5.0
Maces & Flails | 3 |  3.8

Action                   |  1- 3 |  4- 6 |  7- 9 || total
-------------------------+-------+-------+-------++-------
Melee: Flail             |   118 |   111 |    24 ||   253
  Use: Scroll            |     3 |     5 |     1 ||     9
       Potion            |       |     2 |     1 ||     3
Armor: Scale mail        |    99 |    44 |       ||   143
       Chain mail        |       |    14 |    12 ||    26
Dodge: Dodged            |    75 |    52 |     3 ||   130
Block: Buckler           |    45 |    25 |     6 ||    76

Table legend: (Time is in decaauts)
 A = Elapsed time spent in this place.
 B = Non-inter-level travel time spent in this place.
 C = Inter-level travel time spent in this place.
 D = Time resting spent in this place.
 E = Time spent auto-exploring this place.
 F = Levels seen in this place.
 G = Mean time per level.
                   A        B        C        D        E       F      G
               +--------+--------+--------+--------+--------+-----+--------+
         Total |   3731 |   3626 |    105 |    281 |   2710 |   5 |  746.2 |
       Dungeon |   3731 |   3626 |    105 |    281 |   2710 |   5 |  746.2 |
               +--------+--------+--------+--------+--------+-----+--------+

Top non-repeatable levels by time:
     D:3: 1076 daAuts
     D:5: 912 daAuts
     D:1: 745 daAuts
     D:2: 643 daAuts
     D:4: 353 daAuts
